AoeStats
← UPHARSIN

Arabia

509980575Analyzed
1v1 RM · 4d ago on Sep 28, 2026· 57m 20s· 2 players
Game mode
Random Map
Map size
Tiny (2 player)
Population
200
Speed
Normal
Resources
Standard
Victory
Conquest
Starting age
Dark Age
Ending age
Imperial Age
RankedLock teamsTeams togetherTeam positionsShared explorationLock speedFull tech treeHidden civsTurbo modeCheats
Victory
Defeat
🇺🇸 Saracens · United States
1309
+18
🇨🇦 Bulgarians · Canada
1354
-18
MontanaY2J
6:15 Loom
9:21 Feudal Age
9:58 Double-Bit Axe
12:34 Wheelbarrow
17:02 Fletching
21:18 Castle Age
19:46 Padded Archer Armor
21:34 Scale Barding Armor
22:46 Chain Barding Armor
23:37 Bloodlines
24:46 Bloodlines
25:33 Husbandry
27:43 Gold Mining
29:34 Forging
29:30 Bodkin Arrow
37:14 Herbal Medicine
41:44 Bow Saw
49:10 Imperial Age
48:59 Iron Casting
49:42 Gold Shaft Mining
48:59 Stone Mining
49:16 Heavy Camel Rider
50:34 Plate Barding Armor
50:59 Blast Furnace
50:50 Heavy Camel Rider
UPHARSIN
6:13 Loom
8:54 Feudal Age
9:42 Double-Bit Axe
14:24 Horse Collar
17:29 Gold Mining
20:34 Castle Age
19:06 Scale Barding Armor
19:11 Forging
20:19 Bloodlines
21:38 Chain Barding Armor
24:28 Iron Casting
26:17 Bow Saw
26:07 Heavy Plow
30:05 Fletching
32:07 Husbandry
33:37 Bodkin Arrow
37:26 Gold Shaft Mining
38:01 Wheelbarrow
37:12 Town Watch
40:15 Imperial Age
38:22 Wheelbarrow
37:33 Town Watch
42:04 Conscription
44:39 Plate Barding Armor
44:55 Cavalier
48:41 Blast Furnace
50:52 Light Cavalry
56:20 Bagains
57:36 Scale Mail Armor
57:39 Bracer
Connection lost

Rejoining the realm…

Still unreachable

The connection could not be restored.

Session expired

The server has moved on; the page needs a fresh start.